[Event "*** Titled Tuesday Blitz"]
[Site "Chess.com"]
[Date "2019.07.02"]
[Round "9"]
[White "KarstenHansch"]
[Black "przemekpiotrowski"]
[Result "1/2-1/2"]
[WhiteElo "2398"]
[BlackElo "2328"]
[TimeControl "180+2"]
[EndTime "14:59:10 PDT"]
[Termination "Game drawn by repetition"]

1. e4 c5 2. Nc3 Nc6 3. g3 g6 4. Bg2 Bg7 5. d3 e6 6. Be3 b6 7.
Qd2 h6 8. Nge2 Nge7 9. O-O d5 10.
exd5 exd5 11. d4 Ba6 12. dxc5 d4 13. Nxd4 Bxd4 14. Bxd4 Qxd4 15. Qxd4 Nxd4 16. Bxa8 Bxf1 17. Rxf1 O-O 18. Be4 bxc5 19. Bd3 c4 20. Bxc4 Nf3+ 21. Kg2 Nd2 22. Re1 Nxc4 23. Rxe7 Nxb2 24. Rxa7 Rc8 25. Rb7 Nc4 26. Nd5 Kg7 27. a4 Nd6 28. Rc7 Ra8 29. Nb6 Ra6 30. Rc6 Nf5 31. c4 Nd4 32. Rd6 Nf5 33. Rc6 Nd4 34. Rd6 Nf5 35. Rc6 1/2-1/2

[Event "*** Titled Tuesday Blitz"]
[Site "Chess.com"]
[Date "2019.07.02"]
[Round "9"]
[White "STARMATEcc"]
[Black "Zq1"]
[Result "0-1"]
[WhiteElo "2544"]
[BlackElo "2566"]
[TimeControl "180+2"]
[EndTime "14:59:14 PDT"]
[Termination "Zq1 won by resignation"]

1. e4 c5 2. Nf3 d6 3. d4 cxd4 4.
Nxd4 Nf6 5. Nc3 Nc6 6. Bg5 g6 7. Bxf6 exf6 8. Bc4 Bg7 9. O-O Nxd4 10. Qxd4 O-O 11.
Qd2 f5 12. exf5 Bxf5 13. Rad1 Rc8 14. Bb3 Bxc3 15. bxc3 Qa5 16. Rfe1 Qxc3 17. Qxd6 Bxc2 18.
Rc1 Qa5 19. Bxf7+ Rxf7 20. Qe6 Rc6 21. Qe8+ Rf8 0-1

[Event "*** Titled Tuesday Blitz"]
[Site "Chess.com"]
[Date "2019.07.02"]
[Round "9"]
[White "CalinGheorghiu"]
[Black "Colombiano07"]
[Result "0-1"]
[WhiteElo "2269"]
[BlackElo "2180"]
[TimeControl "180+2"]
[EndTime "14:59:21 PDT"]
[Termination "Colombiano07 won by checkmate"]

1. d4 d5 2. c4 Nc6 3. Nf3 Bg4 4. e3 e5 5. cxd5 Qxd5 6. Nc3 Bb4 7. Be2 O-O-O 8.
O-O Bxc3 9. bxc3 e4 10. Nd2 Bxe2 11. Qxe2 Nf6 12. c4 Qf5 13. Bb2 h5 14. d5 Ne5 15.
Nb3 h4 16. Nd4 Qg5 17. h3 Rh6 18. f4 exf3 19. Nxf3 Nxf3+ 20. Qxf3 Rg6 21. e4 Re8 22. e5 Nh5 23. Qf5+ Kb8 24. Qxg5 Rxg5 25. Rxf7 b5 26. c5 Rd8 27. d6 cxd6 28. exd6 Rxc5 29. Bd4 Rd5 30.
Bxa7+ Ka8 31. Rc1 R5xd6 32. Rcc7 Ng3 33. Be3 Rd1+ 34. Kf2 Rf1# 0-1

[Event "*** Titled Tuesday Blitz"]
[Site "Chess.com"]
[Date "2019.07.02"]
[Round "9"]
[White "731291"]
[Black "ChessWeebs"]
[Result "1-0"]
[WhiteElo "2688"]
[BlackElo "2789"]
[TimeControl "180+2"]
[EndTime "14:59:28 PDT"]
[Termination "731291 won by resignation"]

1. d4 d5 2. Nf3 Nf6 3. g3 g6 4.
Bg2 Bg7 5. O-O O-O 6. c4 c6 7.
Nc3 dxc4 8. Ne5 Be6 9. e4 Nbd7 10. f4 Qb6 11. Kh1 Rfd8 12. Na4 Qa6 13. Qc2 b5 14. Nc3 Nxe5 15. fxe5 Ng4 16. h3 Rxd4 17. hxg4 Bxe5 18. Bf4 f6 19. Bxe5 fxe5 20. g5 Rad8 21. Rf2 b4 22.
Ne2 Rd2 23. Qc1 Qb6 24. Qg1 c3 25. bxc3 bxc3 26. Rb1 Qxb1 27. Qxb1 Rd1+ 28. Qxd1 Rxd1+ 29. Ng1 Rd2 30. Rxd2 cxd2 31. Bf3 c5 32. Bd1 c4 33.
Kg2 Kf8 34. Kf2 Ke8 35. Ke3 c3 36. Kd3 Bxa2 37. Kxc3 Kd7 38. Nf3 Kd6 39. Nxd2 Be6 40. Nc4+ Kc5 41. Nxe5 Bh3 42. Nd3+ Kd6 43. Kd4 a5 44.
e5+ Kc6 45. Ba4+ Kb6 46. Nf4 1-0

[Event "*** Titled Tuesday Blitz"]
[Site "Chess.com"]
[Date "2019.07.02"]
[Round "9"]
[White "axvesik"]
[Black "Daniel-2003"]
[Result "0-1"]
[WhiteElo "2425"]
[BlackElo "2318"]
[TimeControl "180+2"]
[EndTime "14:59:30 PDT"]
[Termination "Daniel-2003 won by resignation"]

1. e4 c5 2. Nf3 Nc6 3. d4 cxd4 4. Nxd4 g6 5. Nc3 Bg7 6. Be3 Nf6 7. Bc4 O-O 8. Bb3 d6 9. f3 Bd7 10. h4 h5 11. Qd2 Na5 12. O-O-O Rc8 13. Bh6 Nxb3+ 14. axb3 Qa5 15. Kb1 Rc5 16. g4 hxg4 17. h5 Bxh6 18. Qxh6 Rxh5 19. Qf4 Kg7 20. Nd5 Nxd5 21. exd5 Qxd5 22.
Rxh5 Qxh5 23. Qe3 e5 24. Ne2 gxf3 25. Ng3 Qg4 26. Ne4 Qf4 27. Qe1 Bf5 28. Nxd6 f2 29. Nxf5+ Qxf5 30. Qe2 Rh8 0-1

[Event "*** Titled Tuesday Blitz"]
[Site "Chess.com"]
[Date "2019.07.02"]
[Round "9"]
[White "vova-79"]
[Black "Pechen_Yeltsina"]
[Result "0-1"]
[WhiteElo "2403"]
[BlackElo "2653"]
[TimeControl "180+2"]
[EndTime "14:59:33 PDT"]
[Termination "Pechen_Yeltsina won by resignation"]

1. d4 g6 2. c4 Bg7 3. Nf3 d6 4. Nc3 Nd7 5. g3 e5 6. Bg2 Ne7 7. O-O O-O 8. e4 exd4 9. Nxd4 Nc6 10. Be3 Nde5 11. Nxc6 bxc6 12. Qe2 Bg4 13. f3 Be6 14. Rfd1 Bxc4 15. Qf2 Qb8 16. b3 Be6 17. Qc2 f5 18.
Rac1 fxe4 19. fxe4 Bg4 20. Rf1 Qb4 21. h3 Be6 22.
Kh2 a5 23. Ne2 a4 24. Nd4 axb3 25. axb3 Bd7 26. Rxf8+ Rxf8 27. Rf1 Rxf1 28. Bxf1 c5 29. Ne2 Bb5 30. Bd2 Qxd2 0-1

[Event "*** Titled Tuesday Blitz"]
[Site "Chess.com"]
[Date "2019.07.02"]
[Round "9"]
[White "enriquetejedor"]
[Black "wonderfultime"]
[Result "0-1"]
[WhiteElo "2608"]
[BlackElo "2901"]
[TimeControl "180+2"]
[EndTime "14:59:44 PDT"]
[Termination "wonderfultime won by checkmate"]

1. e4 c5 2. Nf3 Nf6 3. Nc3 d5 4. exd5 Nxd5 5. Bb5+ Bd7 6. Bc4 Nb6 7. Bd3 Nc6 8. b3 g6 9. Bb2 Bg7 10. O-O O-O 11.
h3 Rc8 12. Rb1 Nd4 13. Nxd4 cxd4 14. Ne2 Bc6 15. c4 e5 16. Ng3 f5 17. Bc2 d3 18.
Re1 e4 19. Bxg7 Kxg7 20. Bxd3 Qxd3 21. Re3 Qd8 22. Re1 Nd7 23. d4 exd3 24. Qxd3 Nf6 25. Qe3 Qc7 26. Qxa7 f4 27. Qc5 Rf7 28. Nf1 f3 29.
Qe5 fxg2 30. Ng3 Qxe5 31. Rxe5 Nd7 32. Re3 Rcf8 33. Rb2 b6 34. b4 Rf4 35. Rc2 Rd4 36. Re1 Ne5 37. h4 Nf3+ 38. Kxg2 Nxe1+ 39. Kf1 Nxc2 40. Ne2 Rd1# 0-1

[Event "*** Titled Tuesday Blitz"]
[Site "Chess.com"]
[Date "2019.07.02"]
[Round "9"]
[White "TST2014"]
[Black "KaterynaLagno"]
[Result "1-0"]
[WhiteElo "2593"]
[BlackElo "2653"]
[TimeControl "180+2"]
[EndTime "14:59:49 PDT"]
[Termination "TST2014 won by resignation"]

1. d4 Nf6 2. c4 g6 3. Nc3 Bg7 4. e4 d6 5. Be2 O-O 6. Nf3 e5 7. O-O Nc6 8. d5 Ne7 9. b4 a5 10. bxa5 Rxa5 11. Nd2 c5 12. a4 b6 13. Ra3 Bh6 14. Nb3 Bxc1 15. Qxc1 Ra6 16. f4 Nd7 17. Nb5 exf4 18. Nxd6 g5 19. h4 h6 20. Bg4 Ne5 21. Bxc8 Nxc8 22. Nf5 Nd6 23. Nxh6+ Kg7 24. hxg5 Qxg5 25.
Qxf4 Qxf4 26. Rxf4 Nexc4 27. Nxc5 bxc5 28. Rg3+ Kh7 29. Rh4 Nxe4 30. Nf5+ 1-0

[Event "*** Titled Tuesday Blitz"]
[Site "Chess.com"]
[Date "2019.07.02"]
[Round "9"]
[White "PotapovaM"]
[Black "chess4life23"]
[Result "1-0"]
[WhiteElo "2499"]
[BlackElo "2327"]
[TimeControl "180+2"]
[EndTime "14:59:52 PDT"]
[Termination "PotapovaM won by checkmate"]

1. e4 c6 2. Nc3 d5 3. Nf3 e6 4. d4 dxe4 5. Nxe4 Nd7 6. Bd3 Ngf6 7. O-O Nxe4 8. Bxe4 Nf6 9. Bd3 c5 10. Qe2 cxd4 11. Rd1 Bc5 12. b4 Bxb4 13.
Bb5+ Kf8 14. Rxd4 Qe7 15. Bf4 Nd5 16. Rad1 f6 17. Rxb4 Qxb4 18. Rxd5 Kf7 19. Rd4 Qb1+ 20. Rd1 Qb4 21. Bd6 Qa5 22. Ne5+ fxe5 23. Qf3+ Kg6 24. Bd3+ Kh6 25. Qh3+ Kg5 26. Be7+ Kf4 27. Qg3# 1-0

[Event "*** Titled Tuesday Blitz"]
[Site "Chess.com"]
[Date "2019.07.02"]
[Round "9"]
[White "Chesstrainer1"]
[Black "LisikValera"]
[Result "0-1"]
[WhiteElo "2446"]
[BlackElo "2456"]
[TimeControl "180+2"]
[EndTime "14:59:59 PDT"]
[Termination "LisikValera won by resignation"]

1. d4 d5 2. c4 c6 3. cxd5 cxd5 4. Nc3 Nf6 5. f3 Nc6 6. e4 e6 7. e5 Ng8 8. f4 Nge7 9. Nf3 Nf5 10. a3 h5 11. b4 Bd7 12. Qd2 a6 13. Bb2 Be7 14. Be2 g6 15. O-O b5 16. g3 Qb6 17.
Rfd1 O-O 18. Kg2 Kg7 19. h3 Rh8 20. Rab1 Qb7 21. Na2 Na7 22. Nc1 Nc8 23. Nb3 Nb6 24. Nc5 Qc8 25. Bc1 Bc6 26. Rh1 Nc4 27. Qc3 a5 28. g4 hxg4 29. hxg4 Rxh1 30. Kxh1 Ng3+ 0-1

[Event "*** Titled Tuesday Blitz"]
[Site "Chess.com"]
[Date "2019.07.02"]
[Round "9"]
[White "Er_is_geen_hoop_meer"]
[Black "hermionegrangermagic"]
[Result "0-1"]
[WhiteElo "2349"]
[BlackElo "2384"]
[TimeControl "180+2"]
[EndTime "15:00:08 PDT"]
[Termination "hermionegrangermagic won by resignation"]

1. c4 e6 2. g3 d5 3. Bg2 Nf6 4. Nf3 Be7 5. O-O O-O 6. Na3 Bxa3 7. bxa3 d4 8. c5 b6 9. cxb6 axb6 10. Bb2 d3 11. e3 Bb7 12. Ne5 Bxg2 13. Kxg2 Qd5+ 14. Qf3 Rd8 15. Rfc1 c5 16. g4 Ra4 17. h3 Qxf3+ 18.
Kxf3 Ne4 19. Bc3 f6 20. Rab1 fxe5 21. Kg2 Nd7 22. Ba1 Nxd2 23. Rb2 Nc4 24. Rb3 e4 25. f3 Nxe3+ 26. Kf2 d2 0-1

[Event "*** Titled Tuesday Blitz"]
[Site "Chess.com"]
[Date "2019.07.02"]
[Round "9"]
[White "andrzej"]
[Black "colegiodemadrid"]
[Result "0-1"]
[WhiteElo "2305"]
[BlackElo "2449"]
[TimeControl "180+2"]
[EndTime "15:00:08 PDT"]
[Termination "colegiodemadrid won on time"]

1. d4 Nf6 2. Bg5 e6 3. e4 h6 4.
Bxf6 Qxf6 5. c3 d5 6. Bd3 Qd8 7. Nf3 Be7 8. O-O Nd7 9. e5 c5 10. Qe2 Nb8 11. Nbd2 Qb6 12. dxc5 Qxb2 13. Rab1 Qxc3 14.
Rfc1 Qa5 15. Bb5+ Nc6 16. Bxc6+ bxc6 17. Nd4 Qc7 18. Qg4 O-O 19. f4 Rb8 20. Rxb8 Qxb8 21.
Nxc6 Qc7 22. Nxe7+ Qxe7 23. Nf3 Ba6 24. Nd4 Rc8 25.
c6 Bc4 26. f5 exf5 27. Nxf5 Qxe5 28. Ne7+ Kh7 29. Rd1 Rc7 30. Nf5 Be2 31. Re1 Bxg4 32. Rxe5 Bxf5 33. Rxf5 Rxc6 0-1

[Event "*** Titled Tuesday Blitz"]
[Site "Chess.com"]
[Date "2019.07.02"]
[Round "9"]
[White "IveBeenThroughPain"]
[Black "GelmanAlexander"]
[Result "0-1"]
[WhiteElo "2301"]
[BlackElo "2564"]
[TimeControl "180+2"]
[EndTime "15:00:13 PDT"]
[Termination "GelmanAlexander won by resignation"]

1. d4 Nf6 2. c4 c5 3. d5 b5 4.
cxb5 a6 5. bxa6 e6 6. Nc3 exd5 7.
Nxd5 Nxa6 8. Bg5 Bb7 9. Nxf6+ gxf6 10. Bf4 c4 11. Nf3 Qb6 12. Rb1 Nc5 13. Qd4 Rxa2 14. Qxc4 Rxb2 15. Rxb2 Qxb2 16. Qc1 Qa2 17. Bd2 Nb3 18.
Qd1 Nxd2 19. Nxd2 Bb4 20. e3 Rg8 21. Qc1 Rg5 22. e4 Rc5 23. Bc4 Rxc4 0-1

[Event "*** Titled Tuesday Blitz"]
[Site "Chess.com"]
[Date "2019.07.02"]
[Round "9"]
[White "XiaoKangZhong"]
[Black "Samantha_Ross"]
[Result "1-0"]
[WhiteElo "2255"]
[BlackElo "2030"]
[TimeControl "180+2"]
[EndTime "15:00:19 PDT"]
[Termination "XiaoKangZhong won by resignation"]

1. e4 c5 2. Nf3 d6 3. Bb5+ Bd7 4. Bxd7+ Qxd7 5. O-O Nc6 6. c3 Nf6 7. Qe2 g6 8. d4 cxd4 9. cxd4 Bg7 10. Nc3 O-O 11. Rd1 Rfd8 12. h3 Rac8 13. Bg5 Qc7 14. e5 dxe5 15.
dxe5 Ne8 16. Nd5 Qa5 17. Nxe7+ Nxe7 18. Bxe7 Rxd1+ 19. Rxd1 Qxa2 20. Qb5 b6 21. Nd4 Qc4 22. Qxc4 Rxc4 23. Nb5 Bxe5 24. f4 Bc7 25. Re1 f5 26. Bd8 Kf7 27. Bxc7 Nxc7 28. Nd6+ Kf6 29. Nxc4 Nd5 30.
g3 b5 31. Ne3 a5 32. Nxd5+ 1-0

[Event "*** Titled Tuesday Blitz"]
[Site "Chess.com"]
[Date "2019.07.02"]
[Round "9"]
[White "chesstatour"]
[Black "checkmatequen"]
[Result "1-0"]
[WhiteElo "2037"]
[BlackElo "2214"]
[TimeControl "180+2"]
[EndTime "15:00:20 PDT"]
[Termination "chesstatour won by resignation"]

1. d4 Nf6 2. c4 e6 3. g3 c5 4.
Nf3 cxd4 5. Nxd4 a6 6. Bg2 Qc7 7. Nc3 Qxc4 8. Bg5 Be7 9. Rc1 Qc7 10. Ncb5 Qa5+ 11. Bd2 Bb4 12. Nc7+ Kf8 13. Nxa8 Nc6 14. Nxc6 bxc6 15. a3 Bxd2+ 16. Qxd2 Qb5 17. Qd6+ Kg8 18. O-O Qb7 19. Qc7 Qxc7 20. Nxc7 Kf8 21. Rfd1 Ke7 22. Na8 d5 23. Nb6 Bb7 24. Na4 Kd6 25. b4 Nd7 26. Nc5 Nxc5 27. bxc5+ Kd7 28. Rb1 Kc7 29. Rb6 e5 30.
Rdb1 Bc8 31. Rb8 Rd8 32. Ra8 Rd7 33. Bh3 Bb7 34. Ra7 Kb8 35. Bxd7 Kxa7 36. Rb6 d4 37. Bxc6 Bxc6 38. Rxc6 Kb7 39. Rd6 Kc7 40. Kf1 f5 41. Ke1 g6 42. Kd2 e4 43. Rxd4 Kc6 44. Rd6+ Kxc5 45. Rxa6 Kb5 46. Ra7 g5 47. Rxh7 f4 48.
gxf4 gxf4 49. h4 f3 50. exf3 exf3 51. Re7 1-0

[Event "*** Titled Tuesday Blitz"]
[Site "Chess.com"]
[Date "2019.07.02"]
[Round "9"]
[White "Th3ChessViking"]
[Black "DryCounty"]
[Result "0-1"]
[WhiteElo "2471"]
[BlackElo "2696"]
[TimeControl "180+2"]
[EndTime "15:00:21 PDT"]
[Termination "DryCounty won by resignation"]

1. c4 e6 2. Nf3 Nf6 3. g3 d5 4. Bg2 dxc4 5. O-O Nbd7 6. Na3 Bxa3 7. bxa3 O-O 8. Bb2 c5 9. Qc2 b5 10. Ne5 Nd5 11. Nc6 Qb6 12. Ne7+ Nxe7 13. Bxa8 Nd5 14.
d3 cxd3 15. Qxd3 c4 16. Qd4 Qxd4 17. Bxd4 a6 18. a4 N7b6 19. Bc6 Nxa4 20. Bxd5 exd5 21. a3 Re8 22. Ra2 Bd7 23. f3 f6 24. Kf2 Kf7 25.
Rb1 a5 26. Rd2 Rb8 27. Ba7 Rb7 28. Be3 b4 29. Rxd5 Nc3 30. axb4 Nxd5 0-1

[Event "*** Titled Tuesday Blitz"]
[Site "Chess.com"]
[Date "2019.07.02"]
[Round "9"]
[White "AndrewMcStone"]
[Black "Orest_Vovk"]
[Result "0-1"]
[WhiteElo "2159"]
[BlackElo "2329"]
[TimeControl "180+2"]
[EndTime "15:00:22 PDT"]
[Termination "Orest_Vovk won by resignation"]

1. d4 h6 2. c4 g5 3. Nc3 Bg7 4. e3 c5 5. h4 d6 6. hxg5 Nc6 7. d5 Ne5 8. f4 Ng6 9. Bd3 hxg5 10. Rxh8 Bxh8 11.
Qh5 Bxc3+ 12. bxc3 Qa5 13. Bxg6 Qxc3+ 14. Kf2 Qxa1 15. Bxf7+ Kd8 16. Bxg8 Qxc1 17. Be6 Bxe6 18. Qh8+ Kc7 19. Qxa8 Qd2+ 20. Ne2 Bg4 21. Qh8 Qxe2+ 22. Kg3 gxf4+ 23. exf4 Bd7 24. Qa8 Qg4+ 25. Kf2 Qxf4+ 26.
Kg1 Qd4+ 0-1

[Event "*** Titled Tuesday Blitz"]
[Site "Chess.com"]
[Date "2019.07.02"]
[Round "9"]
[White "Bryakin_Mikhail"]
[Black "Korchmar_Vasiliy"]
[Result "1-0"]
[WhiteElo "2688"]
[BlackElo "2745"]
[TimeControl "180+2"]
[EndTime "15:00:24 PDT"]
[Termination "Bryakin_Mikhail won on time"]

1. d4 Nf6 2. c4 g6 3. Nc3 d5 4.
Bg5 Ne4 5. Bh4 Nxc3 6. bxc3 dxc4 7. e3 Be6 8. Nf3 Bg7 9. Qb1 O-O 10. Be2 Nd7 11.
O-O Nb6 12. a4 a5 13. Rd1 Bd7 14. Nd2 Nxa4 15. Qc2 b5 16. Ne4 Bf5 17. Bf3 h6 18.
g4 Bxe4 19. Bxe4 Rb8 20. Bc6 Qd6 21. Bxb5 Rxb5 22. Qxa4 Rfb8 23. Qxc4 h5 24. h3 hxg4 25.
hxg4 Qd7 26. Qe2 Rb2 27. Qf3 a4 28. Bg3 R2b3 29. Rdc1 a3 30. Kg2 Qb5 31. c4 Qa5 32.
Bf4 a2 33. Rc2 Rb2 34. Qe2 Qa3 35. Bxc7 Rxc2 36. Qxc2 Rb2 37. Qe4 e6 38. c5 Qa7 39.
Bf4 Qa3 40. c6 Qb3 41. c7 1-0

[Event "*** Titled Tuesday Blitz"]
[Site "Chess.com"]
[Date "2019.07.02"]
[Round "9"]
[White "iturrizaga"]
[Black "IMRosen"]
[Result "1-0"]
[WhiteElo "2943"]
[BlackElo "2612"]
[TimeControl "180+2"]
[EndTime "15:00:26 PDT"]
[Termination "iturrizaga won by resignation"]

1. c4 e6 2. g3 d5 3. Bg2 Nf6 4. Nf3 dxc4 5. Qa4+ c6 6. Qxc4 b5 7. Qc2 Bb7 8. O-O Nbd7 9. Nc3 Be7 10. d3 O-O 11. e4 a6 12. h3 c5 13. Be3 Rc8 14.
Rfd1 Qc7 15. Kh2 Qb8 16. a4 b4 17. Ne2 a5 18. b3 Rfd8 19. Qb2 Ba6 20. Rac1 Qb6 21.
Nf4 Rc7 22. e5 Nd5 23. Nd2 Nxe3 24. fxe3 Qa7 25. d4 Nf8 26. d5 exd5 27. Bxd5 Bb7 28.
Nc4 Rcd7 29. e4 Qa8 30. Nb6 Qb8 31. Nxd7 Rxd7 32. Bxf7+ Kxf7 33. Rxd7 Ne6 34. Rf1 Ke8 35. Rxb7 Qxb7 36. Nxe6 Qa6 37. Nc7+ 1-0

[Event "*** Titled Tuesday Blitz"]
[Site "Chess.com"]
[Date "2019.07.02"]
[Round "9"]
[White "Walter_White_Poland"]
[Black "ClockworkKubrick"]
[Result "1-0"]
[WhiteElo "2315"]
[BlackElo "2101"]
[TimeControl "180+2"]
[EndTime "15:00:28 PDT"]
[Termination "Walter_White_Poland won by checkmate"]

1. Nf3 d6 2. c4 Nf6 3. g3 g6 4. Bg2 Bg7 5. O-O O-O 6. Nc3 e5 7. d3 Nc6 8. Bg5 h6 9. Bxf6 Qxf6 10. Nd5 Qd8 11. b4 Be6 12. b5 Ne7 13. Nxe7+ Qxe7 14. Nd2 Rab8 15. Rb1 f5 16. Qa4 e4 17. dxe4 fxe4 18. Nxe4 Bf5 19. f3 Bd4+ 20. Kh1 Bxe4 21. fxe4 Qe5 22. Qc2 h5 23. Qd3 Bc5 24. Rf3 Kg7 25.
Rbf1 Rbe8 26. Qd5 Rxf3 27. exf3 Re7 28. f4 Qb2 29. f5 gxf5 30. exf5 Kf6 31. Qg8 Qxa2 32.
Qg6+ Ke5 33. f6 Re8 34. Qe4# 1-0

[Event "*** Titled Tuesday Blitz"]
[Site "Chess.com"]
[Date "2019.07.02"]
[Round "9"]
[White "witcher8"]
[Black "Airquake"]
[Result "0-1"]
[WhiteElo "2439"]
[BlackElo "2664"]
[TimeControl "180+2"]
[EndTime "15:00:33 PDT"]
[Termination "Airquake won by checkmate"]

1. e4 c5 2. Nf3 d6 3. d4 cxd4 4. Nxd4 a6 5. Nc3 e6 6. f4 Qc7 7.
Be2 b5 8. a3 Bb7 9. Be3 Nf6 10.
Bf3 Nbd7 11. O-O Nc5 12. e5 dxe5 13. fxe5 Qxe5 14. Bf2 Rd8 15. Bxb7 Nxb7 16. Qf3 Qc7 17. Rae1 Bc5 18. Nxe6 fxe6 19. Rxe6+ Kf7 20. Rc6 Bxf2+ 21.
Rxf2 Qe5 22. Rxf6+ gxf6 23. Qxb7+ Kg6 24. h4 Rhe8 25. Qf3 Rd4 26. h5+ Kg7 27. Re2 Rd1+ 28. Nxd1 Qxe2 29. Qg3+ Kf7 30. Nf2 Qxh5 31. Ng4 Qc5+ 32.
Kh2 Qg5 33. Qc7+ Re7 34. Qc8 Re4 35. Nf2 Qf4+ 36. Kg1 Re1# 0-1

[Event "*** Titled Tuesday Blitz"]
[Site "Chess.com"]
[Date "2019.07.02"]
[Round "9"]
[White "shnitez"]
[Black "BlueWizzard"]
[Result "0-1"]
[WhiteElo "2579"]
[BlackElo "2703"]
[TimeControl "180+2"]
[EndTime "15:00:33 PDT"]
[Termination "BlueWizzard won by checkmate"]

1. e4 e5 2. Nf3 Qe7 3. Bc4 d6 4. c3 h6 5. h3 Nf6 6. Qe2 g6 7. d3 Bg7 8. Nbd2 c6 9. b4 b5 10.
Bb3 a5 11. a3 O-O 12. Nf1 d5 13. Ng3 axb4 14. cxb4 Na6 15. Bb2 d4 16. O-O c5 17. a4 Nxb4 18. axb5 Be6 19. Bxe6 Qxe6 20. Nd2 Nd7 21. Nc4 Nb6 22. Rfc1 Na4 23. Ba3 Nc3 24.
Qd2 Rfb8 25. Bxb4 cxb4 26. b6 Bf8 27. Qb2 h5 28. Rxa8 Rxa8 29. Ra1 Rb8 30. Nf1 f6 31. Nfd2 Bc5 32. Ra5 Qc6 33. Nb3 Bxb6 34. Ra6 Qb5 35. Rxb6 Rxb6 36. Nxb6 Qxb6 37. Nd2 Kg7 38. Nc4 Qb5 39. h4 Qa4 40. g3 b3 41. Kg2 Qa2 42. Kf3 Nd1 43. Qc1 Qxf2# 0-1

[Event "*** Titled Tuesday Blitz"]
[Site "Chess.com"]
[Date "2019.07.02"]
[Round "9"]
[White "novocane"]
[Black "resha1988"]
[Result "0-1"]
[WhiteElo "2262"]
[BlackElo "2728"]
[TimeControl "180+2"]
[EndTime "15:00:33 PDT"]
[Termination "resha1988 won by resignation"]

1. d4 Nf6 2. c4 c6 3. Nc3 d5 4. cxd5 cxd5 5. Bf4 Nc6 6. e3 a6 7. Be2 Bf5 8. g4 Bg6 9. h4 h6 10. Bf3 e6 11. Nge2 Be7 12. Rc1 Nb4 13. Kf1 Nd3 14. Ra1 b5 15. Kg2 Nxb2 16. Qb3 Nc4 17. a4 b4 18. g5 Nd2 19. Qd1 bxc3 20. gxf6 Bxf6 21.
Ng3 Nxf3 22. Qxf3 h5 23. Be5 Bxe5 24. dxe5 Rc8 25. Rhc1 Qxh4 26. Ra3 c2 27. Kg1 Qg5 28. Kf1 h4 29. Ne2 h3 30. Nf4 Be4 31. Qg3 Qxg3 32.
fxg3 h2 33. Kf2 h1=Q 0-1

[Event "*** Titled Tuesday Blitz"]
[Site "Chess.com"]
[Date "2019.07.02"]
[Round "9"]
[White "HanSchut"]
[Black "VFernandezB"]
[Result "0-1"]
[WhiteElo "2204"]
[BlackElo "2347"]
[TimeControl "180+2"]
[EndTime "15:00:35 PDT"]
[Termination "VFernandezB won on time"]

1. e4 e6 2. d4 d5 3. Nd2 Be7 4. c3 c5 5. dxc5 Bxc5 6. Qg4 g6 7. exd5 exd5 8. Qa4+ Nc6 9. Ngf3 Qb6 10. Nd4 Bd7 11.
Nxc6 Bxf2+ 12. Kd1 Bxc6 13. Qf4 Qe3 14. Qxe3+ Bxe3 15. Bd3 O-O-O 16. Re1 d4 17. cxd4 Bxd4 18. Be4 Bxe4 19.
Rxe4 f5 20. Re6 Nf6 21. Kc2 Nd5 22. Nb3 Bb6 23. Bg5 Rde8 24. Rae1 Kd7 25. Rxe8 Rxe8 26.
Rd1 Kc6 27. Kb1 Ne3 28. Rc1+ Kd7 29. Bxe3 Rxe3 30. Rd1+ Ke7 31. Nd2 Re2 32. Nc4 Rxg2 33. Re1+ Kd7 34. Ne5+ Kc7 35. Rc1+ Kd6 36. Nf7+ Ke7 37.
Nh6 Rxh2 38. Ng8+ Ke6 39. Rc8 Bd4 40. b3 b5 41. Rd8 Be5 42. Re8+ Kd5 43. Ne7+ Kd6 44. Nc8+ Kd7 45. Rg8 b4 46. Nxa7 Bc3 47.
Nb5 f4 48. Rf8 g5 49. Rf7+ Kc6 0-1

[Event "*** Titled Tuesday Blitz"]
[Site "Chess.com"]
[Date "2019.07.02"]
[Round "9"]
[White "tigra"]
[Black "Qvalda"]
[Result "1-0"]
[WhiteElo "2734"]
[BlackElo "2507"]
[TimeControl "180+2"]
[EndTime "15:00:44 PDT"]
[Termination "tigra won on time"]

1. b4 d5 2. e3 Qd6 3. a3 e5 4.
Bb2 Nf6 5. c4 c6 6. Nf3 Nbd7 7.
Nc3 a6 8. Be2 Be7 9. g4 O-O 10.
g5 Ne4 11. Rg1 b5 12. Nxe4 dxe4 13. Nh4 g6 14. c5 Qd5 15. d3 exd3 16. Qxd3 Qxd3 17.
Bxd3 h6 18. O-O-O hxg5 19. Nf3 f5 20. Nxg5 e4 21. Nxe4 fxe4 22. Rxg6+ Kf7 23. Rg7+ Ke8 24. Bxe4 Rxf2 25. Bxc6 Rxb2 26. Rg8+ Kf7 27. Bd5+ Kf6 28. Bxa8 Ra2 29. Rxc8 Ne5 30. Rf1+ Ke6 31. Rd1 Kf5 32. Bd5 Rxa3 33. Rf1+ Kg6 34. Rg8+ Kh7 35. Rf5 Nd3+ 36. Kb1 Kh6 37. Bf7 1-0

[Event "*** Titled Tuesday Blitz"]
[Site "Chess.com"]
[Date "2019.07.02"]
[Round "9"]
[White "SavelievAlexei"]
[Black "Siniauski"]
[Result "1-0"]
[WhiteElo "2380"]
[BlackElo "2397"]
[TimeControl "180+2"]
[EndTime "15:00:48 PDT"]
[Termination "SavelievAlexei won on time"]

1. e4 e6 2. d4 d5 3. Nc3 Nf6 4.
Bg5 Bb4 5. e5 h6 6. Bd2 Bxc3 7.
bxc3 Ne4 8. Bd3 Nxd2 9. Qxd2 c5 10. f4 Nc6 11. Nf3 Qa5 12. c4 Qxd2+ 13. Kxd2 cxd4 14. cxd5 exd5 15. h3 O-O 16. Rab1 f6 17. Rhe1 fxe5 18. fxe5 Be6 19. Rxb7 Bxh3 20. gxh3 Rxf3 21. e6 Rg3 22. h4 Re3 23. Rxe3 dxe3+ 24. Kxe3 Nd8 25. Rd7 Nxe6 26. Rxd5 Kf7 27. Rf5+ Ke7 28. c4 g5 29. h5 g4 30.
Re5 Kd6 31. Rd5+ Kc7 32. Bf5 Ng5 33. Bxg4 Re8+ 34. Kd3 Kc6 35. Bd7+ 1-0

[Event "*** Titled Tuesday Blitz"]
[Site "Chess.com"]
[Date "2019.07.02"]
[Round "9"]
[White "tteshan"]
[Black "warmoatmeal"]
[Result "0-1"]
[WhiteElo "2199"]
[BlackElo "1825"]
[TimeControl "180+2"]
[EndTime "15:00:49 PDT"]
[Termination "warmoatmeal won by resignation"]

1. d4 Nf6 2. c4 e6 3. Nc3 d5 4.
cxd5 exd5 5. Bg5 Be7 6. Nf3 c6 7. e3 Be6 8. Bd3 Nbd7 9. O-O h6 10. Bh4 O-O 11. h3 a5 12. Rc1 Qb6 13. Qc2 Rfe8 14. a3 Bf8 15. Na4 Qc7 16. Nc5 Nxc5 17. dxc5 a4 18. Bg3 Qd7 19. Ne5 Qc8 20. Rfd1 Ra5 21. b4 axb3 22. Qxb3 Rxc5 23. Rxc5 Bxc5 24. Qc3 Bd6 25. Rb1 Qc7 26. f4 Ra8 27. Rb3 Bc8 28. Qb2 Qa5 29. Nf3 Qa7 30. Bf2 Bc5 31. Bb1 b5 32.
Qc2 Qb6 33. g4 Ne4 34. Kg2 Bd7 35. Bg1 Rxa3 36. Rxa3 Bxa3 37. Qb3 Bc5 38. Bxe4 dxe4 39. Ne5 Be6 40. Qc2 Bxe3 41. Qxc6 Bxg1 42. Qe8+ Kh7 43. Nd3 exd3 0-1

[Event "*** Titled Tuesday Blitz"]
[Site "Chess.com"]
[Date "2019.07.02"]
[Round "9"]
[White "sandager"]
[Black "Komissarov_alex"]
[Result "0-1"]
[WhiteElo "2116"]
[BlackElo "2115"]
[TimeControl "180+2"]
[EndTime "15:00:54 PDT"]
[Termination "Komissarov_alex won by resignation"]

1. e4 e5 2. Nf3 Nc6 3. Bb5 a6 4. Ba4 Nf6 5. O-O Bc5 6. c3 Ba7 7. Re1 Ng4 8. d4 exd4 9. cxd4 Nxd4 10. Be3 Nxf3+ 11. Qxf3 Nxe3 12. fxe3 O-O 13. Bb3 d6 14. Nc3 Be6 15. Nd5 c6 16. Nf4 Bxb3 17. axb3 Qf6 18.
Re2 Rae8 19. Rf1 Re5 20. Qg3 Qg5 21. Qf3 Re7 22. Nd3 Rfe8 23. Nf4 Rxe4 24. Nh3 Qe7 25. Kh1 Re6 26. Nf4 Rxe3 27. Rxe3 Qxe3 28. Qg4 Qe5 29. Nh5 Re6 30. h3 h6 31. Nf4 Rf6 32. Qg3 Be3 0-1

[Event "*** Titled Tuesday Blitz"]
[Site "Chess.com"]
[Date "2019.07.02"]
[Round "9"]
[White "Rish_97"]
[Black "Fins0905"]
[Result "0-1"]
[WhiteElo "2554"]
[BlackElo "2732"]
[TimeControl "180+2"]
[EndTime "15:00:57 PDT"]
[Termination "Fins0905 won on time"]

1. e4 c5 2. Nf3 e6 3. d4 cxd4 4.
Nxd4 a6 5. Nc3 Qc7 6. g3 Nf6 7.
Bg2 Bb4 8. O-O O-O 9. f4 d6 10. Nb3 Nbd7 11. Bd2 Rb8 12. Kh1 Nc5 13. a3 Bxc3 14.
Bxc3 Ncxe4 15. Bb4 b6 16. g4 Bb7 17. g5 Nd7 18. f5 exf5 19. Rxf5 Ndc5 20. Nd4 Rbe8 21. Qg1 Qd7 22. Raf1 g6 23. R5f4 Nxg5 24. Nf5 gxf5 25. Rxf5 f6 26. h4 Re5 0-1